Cogmind - Beta 16.1 *** ADVENTURER MODE // 2026.02.17 @ 11:54:34 Player: liability Result: Destroyed by H-61 Shepherd with Heavy Assault Cannon Performance ------------- Evolutions (3) 1500 Regions Visited (9) 1800 Robots Destroyed (96) 480 Value Destroyed (3883) 3883 Prototype IDs (0) 0 Alien Tech Used (0) 0 Bonus (1717) 1717 TOTAL SCORE: 9380 Bonus ------- High Alert Combat Kills 334 Follower Combat Kills 183 Entered Garrisons 200 Used RIF Installer 500 Entered DSFs 500 Cogmind --------- Core Integrity 0/700 Matter 153/300 Energy 63/100 System Corruption 13% Temperature Cool (0) Movement Core (100) Ox1 Location -7/DSF Parts ------- > --- POWER (1) -------- (None) > --- PROPULSION (3) --- (None) > --- UTILITY (5) ------ Machine Analyzer Improved Signal Interpreter Authchip [R/Combat] Relay Coupler [NC] (35) > --- WEAPON (4) ------- Great Maul > --- INVENTORY (5) ---- (None) Peak State ------------ > --- POWER ------------ Improved Deuterium Engine > --- PROPULSION ------- Light Treads Light Treads Armored Treads > --- UTILITY ---------- Large Storage Unit Machine Analyzer Improved Signal Interpreter Relay Coupler [Sentry] > --- WEAPON ----------- Heavy Assault Cannon Improved Datajack > --- INVENTORY -------- Light Nuclear Core Light Treads Huge Storage Unit High-capacity Matter Pod Advanced ECM Suite Authchip [R/NC] Authchip [R/Combat] Authchip [R/Combat] Relay Coupler [NC] Relay Coupler [Grunt] Improved Field Recycling Unit Gauss Rifle Great Maul [Rating: 32] Favorites ----------- Power Improved Deuterium Engine Engine Improved Deuterium Engine Power Core Light Nuclear Core Propulsion Armored Treads Treads Armored Treads Leg VSS Leg Utility Large Storage Unit Device Field Recycling Unit Storage Large Storage Unit Processor Improved Signal Interpreter Hackware Relay Coupler [NC] Protection Hardened Medium Armor Plating Weapon Assault Rifle Energy Gun Beamcaster Ballistic Gun Assault Rifle Ballistic Cannon Improved Light Cannon Launcher Grenade Launcher Impact Weapon Heavy Mace Special Melee Weapon Improved Datajack Build | -11 -10 -9 -8 -8 -8 -7 -7 -7 -7 ------- Run | Yrd Mat Mat Mat Gar Mat Fac Was Fac DSF Slots Evolved 6 | . . 2 2 . . 2 . . . Power . | . . . . . . . . . . Propulsion 1 | . . 1 . . . . . . . Utility 3 | . . 1 1 . . 1 . . . Weapon 2 | . . . 1 . . 1 . . . Parts Attached 63 | 6 7 10 8 15 6 . 3 1 7 Power 7 | 1 2 1 1 2 . . . . . Engine 5 | 1 2 1 . 1 . . . . . Core 2 | . . . 1 1 . . . . . Reactor . | . . . . . . . . . . Propulsion 14 | 2 . 3 . 4 . . 1 . 4 Treads 11 | 2 . 3 . 4 . . 1 . 1 Leg 3 | . . . . . . . . . 3 Wheel . | . . . . . . . . . . Hover . | . . . . . . . . . . Flight . | . . . . . . . . . . Utility 18 | 1 3 3 5 2 3 . . . 1 Device 3 | . . 1 2 . . . . . . Storage 4 | 1 2 1 . . . . . . . Processor 5 | . 1 1 1 2 . . . . . Hackware 4 | . . . . . 3 . . . 1 Protection 2 | . . . 2 . . . . . . Artifact . | . . . . . . . . . . Weapon 24 | 2 2 3 2 7 3 . 2 1 2 Energy Gun 4 | 1 . . . 3 . . . . . Energy Cannon . | . . . . . . . . . . Ballistic Gun 10 | 1 1 . 1 2 2 . 1 1 1 Ballistic Cannon 3 | . . 2 . . 1 . . . . Launcher 4 | . 1 1 1 . . . . . 1 Special Weapon . | . . . . . . . . . . Impact Weapon 2 | . . . . 1 . . 1 . . Slashing Weapon . | . . . . . . . . . . Piercing Weapon . | . . . . . . . . . . Special Melee Weapon 1 | . . . . 1 . . . . . Unidentified Prototypes . | . . . . . . . . . . Corrupted Parts 1 | . . . . 1 . . . . . System Corruption 2 | . . . . 2 . . . . . Parts Lost 19 | . 1 . 1 4 1 . 4 . 8 Power 1 | . 1 . . . . . . . . Propulsion 8 | . . . . 2 . . 3 . 3 Utility 1 | . . . . . . . . . 1 Weapon 9 | . . . 1 2 1 . 1 . 4 Highest Loss Streak 8 | . 1 . 1 1 1 . 4 . 8 To Critical Strikes 1 | . . . . . . . 1 . . Average Backups 9 | 1 5 8 10 11 11 12 9 2 2 Power . | . . . . 1 1 1 . . . Propulsion 1 | . . 1 1 2 1 2 1 . . Utility 5 | . 4 5 6 6 7 6 5 2 1 Weapon 1 | . 1 2 1 . 1 2 2 . . Tool/Special . | . . . . . . . . . . Unused Backups 8 | . . . 1 3 . . 4 . . Power 1 | . . . . . . . 1 . . Propulsion 1 | . . . . . . . 1 . . Utility 4 | . . . . 2 . . 2 . . Weapon 2 | . . . 1 1 . . . . . Tool/Special . | . . . . . . . . . . Average Slot Usage (%) 92 | . 93 99 98 98 91 84 63 51 60 Engine 6 | . 8 11 4 6 8 7 4 . . Core 1 | . . . 4 2 . . . . . Treads 26 | . 27 32 27 26 27 23 15 7 3 Device 1 | . . 7 5 . . . . . . Storage 13 | . 14 14 14 18 10 7 4 . . Processor 14 | . 13 11 12 16 18 15 15 15 15 Hackware 2 | . . . . . 7 7 7 7 7 Ballistic Gun 8 | . 14 3 4 8 5 14 9 13 11 Ballistic Cannon 7 | . . 7 17 6 7 7 5 . . Launcher 4 | . 13 11 3 1 . . . . 2 Impact Weapon 1 | . . . . 4 . . . 7 6 Special Melee Weapon 1 | . . . . 2 6 . . . . Peak Build Rating 32 | 6 7 21 30 31 32 32 30 18 30 Average Rating 22 | 4 6 19 27 26 28 30 22 17 22 On Entrance 17 | . 6 7 21 29 25 28 30 15 18 Avg Prop Armor Cover (%) 9 | . . . . . . . . . 9 Naked Turns . | . . . . . . . . . . Heaviest Build 54 | 13 30 41 54 50 45 48 48 11 18 Greatest Support 60 | 40 40 60 60 60 60 60 60 20 42 Greatest Overweight (x) 3 | . 1 . . 1 . . 3 . 1 Average Overweight (x) . | . . . . . . . . . . Largest Inventory Capacity 25 | 8 25 15 15 15 15 15 15 5 5 Average Capacity 14 | 7 14 15 15 15 15 15 10 5 5 Most Carried 15 | 5 8 10 15 15 15 13 12 3 5 Average Carried 9 | . 5 8 10 11 11 12 9 2 2 Final Capacity 15 | 8 15 15 15 15 15 15 5 5 5 Final Carried 15 | . 7 9 15 12 13 12 2 3 . Class Distribution -------------------- 55% | Mutant 18% | Scavenger-Mutant 9% | Tank 7% | Scavenger-Skirmisher 4% | Gunner 3% | Skirmisher Dominant Class ---------------- Mutant | -10/Materials Mutant | -9/Materials Tank | -8/Materials Scavenger-Mutant | -8/Garrison Mutant | -8/Materials Scavenger-Skirmisher | -7/Factory Scavenger-Skirmisher | -7/Waste Mutant | -7/Factory Skirmisher | -7/DSF Resources | -11 -10 -9 -8 -8 -8 -7 -7 -7 -7 ----------- Run | Yrd Mat Mat Mat Gar Mat Fac Was Fac DSF Matter Collected 2351 | 218 130 219 496 807 287 21 . . 173 Remotely . | . . . . . . . . . . Salvage Created 2751 | . 301 276 412 1231 323 21 . . 187 Parts 161 | . 23 25 23 66 17 2 . . 5 Haulers Intercepted 3 | . 1 . 2 . . . . . . Recyclers Shooed 2 | . . . 2 . . . . . . Parts Field Recycled 68 | . . 35 33 . . . . . . Retrieved Matter 487 | . . 151 336 . . . . . . Parts Self-Destructed . | . . . . . . . . . . Prevented . | . . . . . . . . . . Parts Restored . | . . . . . . . . . . Kills | -11 -10 -9 -8 -8 -8 -7 -7 -7 -7 ------- Run | Yrd Mat Mat Mat Gar Mat Fac Was Fac DSF Combat Hostiles Destroyed 74 | . 11 13 5 34 8 . . . 3 Melee 2 | . . . . 2 . . . . . Guns 19 | . 5 . 1 10 . . . . 3 Cannons 30 | . . 3 4 15 8 . . . . AOE 22 | . 6 10 . 6 . . . . . Classes Destroyed 12 | . 5 3 2 2 . . . . . Worker 1 | . . 1 . . . . . . . Builder 6 | . 4 2 . . . . . . . Hauler 3 | . 1 . 2 . . . . . . Recycler 3 | . . . 2 . 1 . . . . Operator 3 | . . 2 . . . 1 . . . Watcher 5 | . 2 . 2 . 1 . . . . Swarmer 18 | . 6 4 . 3 2 . . . 3 Cutter 3 | . . . . 3 . . . . . Grunt 35 | . 5 7 3 16 4 . . . . Sentry 12 | . . 2 1 6 3 . . . . Hunter 5 | . . . 1 4 . . . . . Thug 1 | . . . . 1 . . . . . Butcher 1 | . . . . 1 . . . . . Best Kill Streak 9 | . 8 9 4 5 2 1 . . 2 Combat Bots Only 6 | . 3 6 3 5 2 . . . 2 Max Kills in Single Turn 4 | . 4 3 1 3 1 1 . . 1 Gunslinging . | . . . . . . . . . . Exploded 2 | . 2 2 . 2 . . . . . Melee 1 | . . . . 1 . . . . . Uniques/NPCs Destroyed . | . . . . . . . . . . Combat | -11 -10 -9 -8 -8 -8 -7 -7 -7 -7 -------- Run | Yrd Mat Mat Mat Gar Mat Fac Was Fac DSF Hostile Shots Fired 471 | . 25 59 21 142 41 . 7 . 176 Missed 129 | . 6 11 2 37 10 . 1 . 62 Hits 342 | . 19 48 19 105 31 . 6 . 114 Melee 16 | . . . . 10 . . 6 . . Projectile 326 | . 19 48 19 95 31 . . . 114 AOE 1 | . . . . 1 . . . . . Critical Strikes 21 | . . 1 1 13 1 . 5 . . Damage Taken 4373 | . 330 433 234 1257 436 . 199 . 1484 Core 1142 | . 81 92 34 173 49 . 68 . 645 Absorbed by Shields . | . . . . . . . . . . Ignored by Resistances 1253 | . 96 131 67 363 124 . 52 . 420 Regen/Repaired (Parts) 74 | . . . . . 74 . . . . Core Remaining (%) 74 | 100 67 77 . . 53 . . . . Volleys Fired 208 | . 14 30 24 92 28 2 7 . 11 Largest 3 | . 2 2 3 3 2 3 3 . 3 Hottest 108 | . 50 66 96 108 73 96 96 . 90 Shots Fired 393 | . 27 49 64 180 40 6 13 . 14 Gun 145 | . 14 15 14 67 12 4 6 . 13 Cannon 205 | . . 15 48 105 28 2 7 . . Launcher 43 | . 13 19 2 8 . . . . 1 Special . | . . . . . . . . . . Kinetic 329 | . 14 30 62 151 40 6 13 . 13 Thermal 21 | . . . . 21 . . . . . Explosive 35 | . 13 19 2 . . . . . 1 Electromagnetic 8 | . . . . 8 . . . . . Robot Hit Streak 18 | . 11 12 18 12 13 3 11 . 15 Robot Miss Streak 4 | . 1 4 4 2 1 1 1 . 1 Penetration Max 1 | . . . 1 . 1 . . . . Secondary Targets 1 | . . . . 1 . . . . . Max Gunslinging Chain 1 | . . . . 1 . . . . . Shots Hit Robots 296 | . 20 32 48 128 39 4 12 . 13 Core Hits 150 | . 21 30 17 57 16 3 2 . 4 Critical Kills 1 | . . . 1 . . . . . . Critical Parts Destroyed 3 | . . . . 2 . . . . 1 Critical Strikes 18 | . . . 2 9 5 1 . . 1 Burn 3 | . . . . 3 . . . . . Destroy 2 | . . . 1 . . . . . 1 Blast 10 | . . . 1 3 5 1 . . . Smash 3 | . . . . 3 . . . . . Melee Attacks 42 | . . . . 26 9 . . . 7 Impact 29 | . . . . 22 . . . . 7 Slashing . | . . . . . . . . . . Piercing . | . . . . . . . . . . Sneak Attacks 5 | . . . . . 5 . . . . Combat Hostiles . | . . . . . . . . . . Follow-up Attacks . | . . . . . . . . . . Damage Inflicted 8434 | . 913 1550 1008 2673 1530 92 453 . 215 Guns 1512 | . 126 117 330 568 85 48 74 . 164 Cannons 3962 | . . 230 612 1415 1282 44 379 . . Explosions 2566 | . 787 1203 48 365 163 . . . . Melee 370 | . . . . 325 . . . . 45 Ramming 24 | . . . 18 . . . . . 6 Kinetic 5175 | . 126 347 942 1684 1367 92 453 . 164 Thermal 299 | . . . . 299 . . . . . Explosive 2167 | . 787 1169 48 . 163 . . . . Electromagnetic 399 | . . 34 . 365 . . . . . Impact 370 | . . . . 325 . . . . 45 Slashing . | . . . . . . . . . . Piercing . | . . . . . . . . . . Highest Corruption 13 | . . . . 2 3 . 13 13 13 Average Corruption 3 | . . . . 2 2 . 9 13 13 Corruption Purged . | . . . . . . . . . . Corruption Blocked . | . . . . . . . . . . Effects 50 | . . . . 17 13 . 7 8 5 Message Errors 10 | . . . . 2 3 . . 4 1 Matter Fused 13 | . . . . 8 2 . 1 1 1 Heat Flow Errors 5 | . . . . 3 1 . 1 . . Energy Discharges 7 | . . . . . 4 . 2 1 . Parts Rejected 1 | . . . . . . . . . 1 Data Loss (minor) 8 | . . . . 4 1 . . 2 1 Data Loss (major) 3 | . . . . . 1 . 1 . 1 Misfires 1 | . . . . . 1 . . . . Alerts 1 | . . . . . . . 1 . . Misdirections 1 | . . . . . . . 1 . . Overload Shots . | . . . . . . . . . . Overflow Damage 333 | . 78 90 11 54 100 . . . . Projectiles 100 | . . 10 4 10 76 . . . . Explosions 189 | . 78 80 7 . 24 . . . . Melee 44 | . . . . 44 . . . . . Knockbacks 21 | . . . 7 10 4 . . . . Impact . | . . . . . . . . . . Kinetic 20 | . . . 6 10 4 . . . . Secondary 1 | . . . 1 . . . . . . Self-Inflicted Damage 341 | . 171 39 15 22 89 . . . 5 Shots 13 | . 6 2 1 2 1 . . . 1 Rammed 4 | . . . 2 . . 1 . . 1 Targets Rammed 4 | . . . 2 . . 1 . . 1 Kicked . | . . . . . . . . . . Crushed . | . . . . . . . . . . Highest Temperature 378 | . 20 71 378 262 158 15 231 . . Average Temperature 63 | . 9 23 106 65 17 10 67 . . Received Heat Transfer 1479 | . 84 216 135 756 207 . . . 81 Effects 2 | . . . 2 . . . . . . Interference 2 | . . . 2 . . . . . . Siege Activations . | . . . . . . . . . . Martial Activations . | . . . . . . . . . . Shielding Activations . | . . . . . . . . . . Robots Disrupted 1 | . . 1 . . . . . . . Combat Hostiles . | . . . . . . . . . . Robots Corrupted 1 | . . . . 1 . . . . . Combat Hostiles 1 | . . . . 1 . . . . . Parts Fried . | . . . . . . . . . . Impact Corruptions 2 | . . . . 2 . . . . . Robots Melted . | . . . . . . . . . . Combat Hostiles . | . . . . . . . . . . Parts Melted 1 | . . . . 1 . . . . . Heat Transferred 851 | . . . . 851 . . . . . Parts Sabotaged . | . . . . . . . . . . Parts Stolen . | . . . . . . . . . . Parts Stripped . | . . . . . . . . . . Power Chain Reactions 2 | . . . . 2 . . . . . Alert | -11 -10 -9 -8 -8 -8 -7 -7 -7 -7 ------- Run | Yrd Mat Mat Mat Gar Mat Fac Was Fac DSF Maximum Alert Level 4 | . 1 1 . 4 2 . . . . Low Security (%) 53 | 100 94 78 100 13 . 100 100 100 100 Level 1 10 | . 5 21 . 10 25 . . . . Level 2 19 | . . . . 24 74 . . . . Level 3 11 | . . . . 35 . . . . . Level 4 4 | . . . . 14 . . . . . Level 5 . | . . . . . . . . . . High Security . | . . . . . . . . . . Max Security . | . . . . . . . . . . Peak Influence 1112 | . 213 239 100 1112 499 179 36 . 109 Initial 466 | . . 34 78 . 466 179 36 . . Average 324 | . 117 150 44 671 424 153 9 . 36 Influence Increases 3025 | . 466 565 203 1152 464 6 . . 169 Destroy 0b10 Robot/C 1620 | . 220 260 100 680 300 . . . 60 Destroy 0b10 Robot/NC 105 | . 35 25 30 . 10 5 . . . Destroy Leader 246 | . 46 70 28 20 72 . . . 10 Allied During Kill 25 | . . . . . 25 . . . . Trap Triggered on 0b10 20 | . . . . . . . . . 20 Successful Hack 13 | . . . . 12 1 . . . . Disable Machine 189 | . 72 81 9 . 18 . . . 9 Anti-Garrison Action 300 | . . . . 300 . . . . . Destroy Structure 342 | . 93 114 21 80 23 1 . . 10 Partial Spotted 15 | . . . . . . . . . 15 Lose Combat Pursuer 150 | . . 15 15 60 15 . . . 45 Influence Decreases 2936 | . 370 442 422 40 1116 341 125 . 80 Entered New Map 1219 | . . 62 141 . 646 281 89 . . Time Decay 1527 | . 360 380 271 . 420 60 36 . . Lost Part 150 | . 10 . 10 40 10 . . . 80 Lost Ally 40 | . . . . . 40 . . . . Squads Dispatched 11 | . 1 4 1 . 3 1 . . 1 Investigation 3 | . 1 1 . . 1 . . . . Extermination . | . . . . . . . . . . Reinforcement 7 | . . 3 1 . 1 1 . . 1 Assault 1 | . . . . . 1 . . . . Garrison . | . . . . . . . . . . Intercept . | . . . . . . . . . . Searches Triggered . | . . . . . . . . . . Construction Impeded 1 | . . 1 . . . . . . . Haulers Reinforced . | . . . . . . . . . . Active Scanning Responses . | . . . . . . . . . . Cargo Convoy Interrupts . | . . . . . . . . . . Stealth | -11 -10 -9 -8 -8 -8 -7 -7 -7 -7 --------- Run | Yrd Mat Mat Mat Gar Mat Fac Was Fac DSF Distress Signals 5 | . 1 1 3 . . . . . . Communications Jammed . | . . . . . . . . . . Distress Signals . | . . . . . . . . . . Times Spotted 117 | . 15 17 10 33 23 3 6 . 10 Peak Tracking Total 9 | . 3 4 2 6 3 1 6 . 9 Tactical Retreats 8 | . . 1 1 2 1 . . . 3 Traps | -11 -10 -9 -8 -8 -8 -7 -7 -7 -7 ------- Run | Yrd Mat Mat Mat Gar Mat Fac Was Fac DSF Traps Triggered 11 | . 4 1 . 2 2 1 . . 1 Indirectly . | . . . . . . . . . . Trap Hack Attempts . | . . . . . . . . . . Triggered . | . . . . . . . . . . Disarmed . | . . . . . . . . . . Reprogrammed . | . . . . . . . . . . Reused 2 | . . . . . . . . . 2 Traps Extracted . | . . . . . . . . . . Installed 2 | . . . . . . . . . 2 Triggered 2 | . . . . . . . . . 2 Most Traps Carried 2 | . . . . . . . . . 2 Machines | -11 -10 -9 -8 -8 -8 -7 -7 -7 -7 ---------- Run | Yrd Mat Mat Mat Gar Mat Fac Was Fac DSF Machines Disabled 27 | . 9 9 1 5 2 . . . 1 Max in Single Turn 3 | . 3 2 1 1 2 . . . 1 Garrison Relay 4 | . . . . 4 . . . . . Machines Repaired . | . . . . . . . . . . Machines Dismantled . | . . . . . . . . . . Machines Sabotaged . | . . . . . . . . . . Overloaded Fab Kills . | . . . . . . . . . . Hacking | -11 -10 -9 -8 -8 -8 -7 -7 -7 -7 --------- Run | Yrd Mat Mat Mat Gar Mat Fac Was Fac DSF Machines Accessed 8 | . . . 1 4 2 . . 1 . Terminals 5 | . . . . 4 . . . 1 . Fabricators . | . . . . . . . . . . Repair Stations 1 | . . . . . 1 . . . . Recycling Units . | . . . . . . . . . . Scanalyzers 1 | . . . . . 1 . . . . Garrison Access 1 | . . . 1 . . . . . . Total Hacks 15 | . . . 1 7 6 . . 1 . Successful 9 | . . . 1 2 5 . . 1 . Failed 6 | . . . . 5 1 . . . . Catastrophic 1 | . . . . 1 . . . . . Database Lockouts . | . . . . . . . . . . Manual . | . . . . . . . . . . Terminals 8 | . . . . 7 . . . 1 . Fabricators . | . . . . . . . . . . Repair Stations 2 | . . . . . 2 . . . . Recycling Units . | . . . . . . . . . . Scanalyzers 4 | . . . . . 4 . . . . Garrison Access 1 | . . . 1 . . . . . . Terminal Hacks 3 | . . . . 2 . . . 1 . Open Door 1 | . . . . 1 . . . . . Open DSF 1 | . . . . . . . . 1 . Garrison Registry 1 | . . . . 1 . . . . . Fabricator Hacks . | . . . . . . . . . . Repair Station Hacks 2 | . . . . . 2 . . . . Scan Component 1 | . . . . . 1 . . . . Repair 1 | . . . . . 1 . . . . Recycling Unit Hacks . | . . . . . . . . . . Scanalyzer 3 | . . . . . 3 . . . . Insert Component 1 | . . . . . 1 . . . . Retrieve Study 2 | . . . . . 2 . . . . Garrison Access Hacks 1 | . . . 1 . . . . . . Unlock Access 1 | . . . 1 . . . . . . Unauthorized Hacks . | . . . . . . . . . . Terminals . | . . . . . . . . . . Fabricators . | . . . . . . . . . . Repair Stations . | . . . . . . . . . . Recycling Units . | . . . . . . . . . . Scanalyzers . | . . . . . . . . . . Garrison Access . | . . . . . . . . . . Data Cores Recovered . | . . . . . . . . . . Used . | . . . . . . . . . . Hacking Detections 5 | . . . . 4 . . . 1 . Full Trace Events . | . . . . . . . . . . Feedback Events . | . . . . . . . . . . Feedback Blocked . | . . . . . . . . . . Robot Schematics Acquired . | . . . . . . . . . . Robots Built . | . . . . . . . . . . Authchips . | . . . . . . . . . . Time . | . . . . . . . . . . Total Robot Build Rating . | . . . . . . . . . . Part Schematics Acquired . | . . . . . . . . . . Parts Built . | . . . . . . . . . . Authchips . | . . . . . . . . . . Time . | . . . . . . . . . . Total Part Build Rating . | . . . . . . . . . . Part Studies Acquired 2 | . . . . . 2 . . . . Parts Repaired 1 | . . . . . 1 . . . . Time 44 | . . . . . 44 . . . . Parts Recycled . | . . . . . . . . . . Recycled Matter . | . . . . . . . . . . Retrieved Matter . | . . . . . . . . . . Retrieved Components . | . . . . . . . . . . Parts Scanalyzed . | . . . . . . . . . . Part Schematics Acquired . | . . . . . . . . . . Parts Damaged . | . . . . . . . . . . Bothacking | -11 -10 -9 -8 -8 -8 -7 -7 -7 -7 ------------ Run | Yrd Mat Mat Mat Gar Mat Fac Was Fac DSF Used RIF Installer 1 | . . . . 1 . . . . . Robots Hacked 5 | . . . . . 5 . . . . Non-combat 1 | . . . . . 1 . . . . Combat 4 | . . . . . 4 . . . . Robot Hacks Applied 6 | . . . . . 6 . . . . parse_system 2 | . . . . . 2 . . . . reboot_system 1 | . . . . . 1 . . . . formatsys_high 3 | . . . . . 3 . . . . Relay Couplers Released 14 | . . . . 14 . . . . . Machine Destruction 14 | . . . . 14 . . . . . Attached 3 | . . . . . 3 . . . . Fabnet Peak Effective % . | . . . . . . . . . . Robots Rewired . | . . . . . . . . . . Allies Hacked . | . . . . . . . . . . Hacks Repelled . | . . . . . . . . . . Allies | -11 -10 -9 -8 -8 -8 -7 -7 -7 -7 -------- Run | Yrd Mat Mat Mat Gar Mat Fac Was Fac DSF Total Allies 3 | . . . . . 3 . . . . Largest Group 3 | . . . . . 3 . . . . Highest-Rated Group 47 | . . . . . 47 . . . . Highest-Rated Ally 16 | . . . . . 16 . . . . Total Orders 3 | . . . . . 3 . . . . GUARD 3 | . . . . . 3 . . . . Ally Attacks 30 | . . . . . 30 . . . . Total Damage 423 | . . . . . 423 . . . . Kills 7 | . . . . . 7 . . . . Allies Corrupted . | . . . . . . . . . . Allies Melted . | . . . . . . . . . . Intel | -11 -10 -9 -8 -8 -8 -7 -7 -7 -7 ------- Run | Yrd Mat Mat Mat Gar Mat Fac Was Fac DSF Active Infowar (turns) 3017 | . . . 3 1528 847 129 171 184 155 Machine Analysis 3014 | . . . . 1528 847 129 171 184 155 ECM 4 | . . . 3 . . 1 . . . Robot Analysis Total . | . . . . . . . . . . Derelict Logs Recovered . | . . . . . . . . . . Drone Launches . | . . . . . . . . . . Drone Recoveries . | . . . . . . . . . . Exploration | -11 -10 -9 -8 -8 -8 -7 -7 -7 -7 ------------- Run | Yrd Mat Mat Mat Gar Mat Fac Was Fac DSF Turns Passed 5623 | 53 798 772 733 1781 847 129 171 184 155 Spaces Moved 2912 | 34 456 391 366 843 427 73 140 114 68 Core 95 | 11 . . . . . . 79 . 5 Treads 2772 | 23 456 391 366 843 427 73 61 114 18 Legs 45 | . . . . . . . . . 45 Wheels . | . . . . . . . . . . Hover . | . . . . . . . . . . Flight . | . . . . . . . . . . Fastest Speed 50 | 50 160 160 170 163 163 163 50 160 50 Average Speed 161 | 124 160 169 170 166 163 163 104 160 132 Slowest Speed 250 | 160 240 170 170 250 163 163 200 160 180 Overloaded Moves . | . . . . . . . . . . Propulsion Burnouts . | . . . . . . . . . . Robots Hopped . | . . . . . . . . . . Potential Cave-ins . | . . . . . . . . . . Cave-ins Triggered . | . . . . . . . . . . Exploration Rate (%) 42 | 3 87 33 32 82 51 3 90 3 37 Regions Visited 9 Branch Regions . Pre-discovered Areas . | . . . . . . . . . . Known Exits Taken 4 | . . 1 1 . 1 . . 1 . Unknown Exits Taken 2 | 1 1 . . . . . . . . Scrap Searched . | . . . . . . . . . . Spaces Dug . | . . . . . . . . . . Terrain Destroyed 300 | . 92 139 29 5 24 1 . . 10 Melee . | . . . . . . . . . . Projectile 7 | . . . 1 . 5 1 . . . AOE 293 | . 92 139 28 5 19 . . . 10 Terrain Rammed . | . . . . . . . . . . Walls Destroyed . | . . . . . . . . . . Machines Disabled . | . . . . . . . . . . Actions | -11 -10 -9 -8 -8 -8 -7 -7 -7 -7 --------- Run | Yrd Mat Mat Mat Gar Mat Fac Was Fac DSF Total 3401 | 45 496 449 420 1011 525 79 151 116 109 Wait 54 | . . 4 3 2 44 . 1 . . Move 2904 | 33 455 390 365 842 426 73 139 113 68 Hop . | . . . . . . . . . . Pick Up 77 | 6 14 10 12 19 7 . . 2 7 Fast Attach 1 | . . . . . . . . . 1 Attach 38 | 6 3 2 3 9 3 2 3 1 6 Detach 1 | . . . . . . 1 . . . Swap 37 | . 6 8 9 8 4 . . . 2 Drop 32 | . 4 5 2 13 3 . 1 . 4 Fire 208 | . 14 30 24 92 28 2 7 . 11 Melee 42 | . . . . 26 9 . . . 7 Ram 1 | . . . . . . . . . 1 Kick . | . . . . . . . . . . Crush 3 | . . . 2 . . 1 . . . Escape Stasis . | . . . . . . . . . . Rewire 1 | . . . . . 1 . . . . Trap 2 | . . . . . . . . . 2 Miscellaneous . | . . . . . . . . . . Route ------- -11/Scrapyard -10/Materials (discovered 4 exits: *Mat x2 / [*Min x2]) -9/Materials -8/Materials (discovered 2 exits: *Fac / Gar) -8/Garrison (discovered 3 exits: *Mat x3) -8/Materials (discovered 2 exits: *Fac x2) -7/Factory -7/Waste -7/Factory -7/DSF History --------- Turn | Location | Event 25 | -11/Scrapyard | Discovered new exit (range 16) 54 | -11/Scrapyard | Entered Materials 160 | -10/Materials | Discovered new exit (range 14) 213 | -10/Materials | Discovered new exit (range 11) 302 | -10/Materials | Build established: Mutant 321 | -10/Materials | Discovered new exit (range 4) 823 | -10/Materials | Discovered new exit (range 16) 852 | -10/Materials | Entered another Materials area 852 | -9/Materials | Evolved 2 slots: Propulsion x1, Utility x1 1563 | -9/Materials | Discovered new exit (range 16) 1622 | -9/Materials | Identified exit to Materials 1624 | -9/Materials | Entered another Materials area 1624 | -8/Materials | Evolved 2 slots: Utility x1, Weapon x1 2022 | -8/Materials | Discovered new exit (range 4) 2249 | -8/Materials | Identified exit to Garrison 2357 | -8/Materials | Entered Garrison 2425 | -8/Garrison | Triggered checkpoint 2460 | -8/Garrison | Garrison Relay disabled 2543 | -8/Garrison | Build established: Tank 2571 | -8/Garrison | Triggered checkpoint 2677 | -8/Garrison | Triggered checkpoint 2833 | -8/Garrison | Discovered new exit (range 11) 2959 | -8/Garrison | Triggered checkpoint 2974 | -8/Garrison | Garrison Relay disabled 2975 | -8/Garrison | Build established: Mutant 3105 | -8/Garrison | Triggered checkpoint 3168 | -8/Garrison | Discovered new exit (range 9) 3289 | -8/Garrison | Triggered checkpoint 3381 | -8/Garrison | Discovered new exit (range 24) 3381 | -8/Garrison | Discovered new exit (range 55) 3381 | -8/Garrison | Discovered new exit (range 76) 3399 | -8/Garrison | Triggered checkpoint 3417 | -8/Garrison | Garrison Relay disabled 3541 | -8/Garrison | Build established: Scavenger-Mutant 3718 | -8/Garrison | Installed Relay Interface Framework 3833 | -8/Garrison | Triggered checkpoint 3871 | -8/Garrison | Garrison Relay disabled 4136 | -8/Garrison | Identified exit to Materials 4138 | -8/Garrison | Entered Materials 4437 | -8/Materials | Discovered new exit (range 16) 4582 | -8/Materials | Build established: Mutant 4665 | -8/Materials | Repaired Imp. Deuterium Engine 4818 | -8/Materials | Discovered new exit (range 8) 4833 | -8/Materials | Identified exit to Factory 4938 | -8/Materials | First assault squad dispatched 4985 | -8/Materials | Entered Factory 4985 | -7/Factory | Evolved 2 slots: Utility x1, Weapon x1 5084 | -7/Factory | Build established: Scavenger-Skirmisher 5114 | -7/Factory | Sucked down chute 5114 | -7/Factory | Entered Waste 5129 | -7/Waste | EMP discharged 5165 | -7/Waste | Spotted C-40 Crusher 5202 | -7/Waste | Spotted C-40 Crusher 5216 | -7/Waste | Crushed by Compactor (1 part destroyed, 2 dropped) 5222 | -7/Waste | Crushed by Compactor (1 part destroyed, 1 dropped) 5225 | -7/Waste | Crushed by Compactor (1 part destroyed) 5229 | -7/Waste | EMP discharged 5229 | -7/Waste | System corruption reached 10% 5257 | -7/Waste | Spotted C-40 Crusher 5257 | -7/Waste | Spotted C-40 Crusher 5262 | -7/Waste | Spotted C-40 Crusher 5264 | -7/Waste | Lost 4 parts (3n1w) 5266 | -7/Waste | Spotted C-40 Crusher 5274 | -7/Waste | Discovered new exit (range 16) 5281 | -7/Waste | Identified exit to Factory 5285 | -7/Waste | Entered Factory 5387 | -7/Factory | Identified exit to DSF 5469 | -7/Factory | Entered DSF 5497 | -7/DSF | Additional patrols routed to DSF 5600 | -7/DSF | Core integrity fell below 50% 5619 | -7/DSF | Core integrity fell below 20% 5624 | -7/DSF | Destroyed by H-61 Shepherd with Heavy Assault Cannon Last Messages --------------- Acquired 5 matter. Acquired 3 matter. Acquired Autogun. Acquired 24 matter. VSS Leg destroyed. Penetrated by Slug. VSS Leg destroyed. Acquired 11 matter. Acquired 16 matter. Acquired 5 matter. Acquired 8 matter. System corrupted: Great Maul rejected. S-27 Virus destroyed. Penetrated by Slug. Autogun destroyed. Adv. ECM Suite destroyed. Penetrated by Slug. Acquired 8 matter. Slammed into X-62 Marksman. Acquired Great Maul. Map ----- +----------------------------------------------------+ | ????????? " ????????????????? | | ????????? ????????????????? | | ???????## ###??????????????? | | ???????#= ==#??????????????? | | ???????#= ==???????????????? | | ??????##= ==???????????????? | | ??????# #####???????????? | | ?????## !!!#??!#???????? | | ?????? !!!#!!!## ????? | | ?????## ?????? | | ????## ?????????? | | ????# " ???????? ??? | | ?????#"!! #??????????? ?? | | ?????##!! #??????????? #?? | | ??????### ###????????? ##? | | ???????# &&#????????? **? | | ???????# &&#????????? **? | | ???????# &&#????????? *?? | | ???????## ###????????# ### | | ???????#& &&#??????? [[# | | ???????#& &&#??????# [[# | | ???????## #########" [[? | | ??????### ### # #?# #?? | | ???####"Y ## # ###^^^### | | ???#%sxHx* ==[ ^ # | | ???#@%#%%=% =! % # | | ???####"""""## #& # = ]] # | | ??????#"""""#########==]]] # | | ??????####"##???????######### | | ?????????#"#????????????????? | | ?????????""#????????????????? | | ????????????????????????????? | | ????????????????????????????? | | ????????????????????????????? | | ????????????????????????????? | | ????????????????????????????? | | | | | | | | | | | | | | | | | | | | | | | | | | | | | +----------------------------------------------------+ Best States ------------- Heat Dissipation 34 Energy Generation 16 Energy Capacity 290 Matter Stores 500 Matter Capacity 500 Sight Range 16 Terrain Scan Density 10 Armor Coverage 225 Resistance: KI 20 Resistance: TH 20 Resistance: EX 20 Resistance: EM 20 Resistance: I 20 Resistance: S 20 Resistance: P 20 Propulsion Shielding 33 Evasion (%) 57 Targeting Accuracy 5 Recoil Reduction 3 Offensive Hacking 10 Relay Coupler Types 1 Relay Coupler Value 35 Authchip Count 3 Item Schematics ----------------- None Robot Schematics ------------------ None Fabricated ------------ Nothing Repaired ---------- Imp. Deuterium Engine | 7% | -8/Materials Studied --------- Lgt. Nuclear Core | -8/Materials | Hacked Imp. Datajack | -8/Materials | Hacked Alien Tech Used ----------------- None Achievements -------------- Assimilation Complete Factory Defaults Sprinter We Love MA Challenges ------------ None Game ------ Seed MicroHypertargetingSaw Manual? 0 Play Time 00:52:45 Cumulative 14.8 hours Start 2026.02.17 @ 11:04:50 End 2026.02.17 @ 11:54:34 Sessions 1 Manual Loads 0 Difficulty Adventurer Special Mode None Game No. 16 Rogue 0 Adventurer 16 Explorer 0 Win Type - Total 0 Types 0/0/0/0/0/0/0/0/0/0 Lore% 4 Gallery% 21 Achievement% 19 Wizard Run 0 Options --------- Layout 1 ASCII 0 Keyboard 0 Movement Mouse Keybinds 0 Fullscreen 1 Font 24/X11 Map View 50x35 Zoom Use 0% Tactical HUD 0 Map Filters NONE Filters NONE Steam 1 RUN: ccac8ccb-cfd1-414c-9cd4-064ecfd7f0e6